 Dungeon Crawl Stone Soup version 0.24.0-13-gcf9b3192b9 (webtiles) character file.

Game seed: 11190598025622051205, levelgen mode: deterministic

252 Acheron the Sneak (level 6, -2/30 HPs)
             Began as a Vine Stalker Assassin on Nov 5, 2019.
             Slain by an iguana (4 damage)
             ... on level 6 of the Dungeon.
             The game lasted 00:12:37 (2179 turns).

Acheron the Sneak (Vine Stalker Assassin)           Turns: 2179, Time: 00:12:37

Health: -2/30      AC:  9    Str: 14    XL:     6   Next: 14%
Magic:  0/9        EV:  9    Int: 12    God:
Gold:   158        SH:  0    Dex: 16    Spells: 8/8 levels left

rFire    . . .     SeeInvis .   i - +2 whip (holy)
rCold    . . .     Gourm    .   (no shield)
rNeg     . . .     Faith    .   k - +0 scale mail
rPois    .         Spirit   +   p - +1 helmet
rElec    .         Reflect  .   c - +0 cloak
rCorr    .         Harm     .   (no gloves)
MR       .....                  (no boots)
Stlth    ++........             (no amulet)
HPRegen  0.50/turn              (no ring)
MPRegen  0.11/turn              (no ring)

@: no status effects
A: fangs 2, regeneration 1, magic shield, antimagic bite, no potion heal 3, rot
immunity
a: no special abilities


You were on level 6 of the Dungeon.
You were not hungry.

You visited 1 branch of the dungeon, and saw 6 of its levels.

You collected 158 gold pieces.

Inventory:

Hand Weapons
 a - a +2 dagger
 i - a +2 whip of holy wrath (weapon)
Missiles
 d - 30 poisoned darts (quivered)
 e - 2 curare-tipped darts
 r - 2 atropa-tipped darts
 t - 26 sling bullets
Armour
 c - a +0 cloak (worn)
 k - a +0 scale mail (worn)
 p - a +1 helmet (worn)
Magical Staves
 s - an uncursed staff of cold {unknown}
Jewellery
 b - an uncursed ring of magical power {unknown}
 g - an uncursed amulet of faith
 w - a +3 ring of dexterity {unknown}
Wands
 o - a wand of iceblast (8)
Scrolls
 h - 2 scrolls of remove curse
Potions
 m - a potion of heal wounds {unknown}
 z - a potion of magic {unknown}
Comestibles
 f - 7 rations
 j - 2 chunks of flesh


   Skills:
 * Level 2.2 Fighting
 * Level 3.1 Short Blades
 * Level 2.2 Throwing
 * Level 1.7 Armour
 * Level 1.4 Dodging
 * Level 6.1 Stealth
 * Level 1.5 Spellcasting


You had 8 spell levels left.
You didn't know any spells.
Your spell library was empty.

Dungeon Overview and Level Annotations

Branches:
Dungeon (6/15)
 Temple: D:4-7

Altars:
Nemelex Xobeh


Innate Abilities, Weirdness & Mutations

You have extremely sharp teeth.
Your natural rate of healing is unusually fast.
When hurt, damage is shared between your health and your magic reserves.
Your bite disrupts and absorbs the magic of your enemies.
Potions cannot restore your health.
You are immune to rotting.


Message History

The iguana is heavily wounded.
The iguana bites you!
* * * LOW HITPOINT WARNING * * *
The iguana closely misses you.
You closely miss the iguana. Your bite misses the iguana.
The iguana is heavily wounded.
The iguana completely misses you.
You barely miss the iguana.
The iguana is heavily wounded.
The iguana bites you!
* * * LOW HITPOINT WARNING * * *
You hit the iguana. You bite the iguana. You drain its power.
You feel invigorated.
The iguana is almost dead.
The iguana bites you.
* * * LOW HITPOINT WARNING * * *
You closely miss the iguana. You bite the iguana, but do no damage.
The iguana is almost dead.
The iguana bites you!
You die...

. .. .. ######
#.### #....#
... #.#..#
.#####.##@#.###
........l.#...#
#####.#####.#.#
#.......#.#
#######<#.#
###.# .# .# .#


You could see an iguana.

Vanquished Creatures
  A scorpion (D:4)
  Jessica (D:3)
  A worker ant (D:5)
  6 adders
  4 gnolls
  An ooze (D:2)
  A worm (D:5)
  A dart slug (D:2)
  A leopard gecko (D:2)
  A giant cockroach (D:2)
  5 goblins
  8 hobgoblins
  5 jackals (D:1)
  2 quokkas
  A ball python (D:1)
  6 bats
  4 frilled lizards
  A jackal zombie (D:5)
  3 kobolds
  A leopard gecko skeleton (D:5)
  A leopard gecko zombie (D:5)
  A quokka zombie (D:5)
  4 rats
60 creatures vanquished.

Vanquished Creatures (others)
  An orc wizard (D:5)
  A leopard gecko (D:5)
  A giant cockroach (D:5)
  2 jackals (D:5)
5 creatures vanquished.

Grand Total: 65 creatures vanquished

Notes
Turn   | Place    | Note
-------+----------+-------------------------------------------
     0 | D:1      | Acheron the Vine Stalker Assassin began the quest for the
                  | Orb.
     0 | D:1      | Reached XP level 1. HP: 11/11 MP: 2/2
     9 | D:1      | Reached skill level 5 in Stealth
   140 | D:1      | Reached XP level 2. HP: 15/15 MP: 1/3
   681 | D:1      | Found a sparkling altar of Nemelex Xobeh.
   912 | D:2      | Reached XP level 3. HP: 18/18 MP: 4/4
   988 | D:2      | Reached skill level 1 in Dodging
  1202 | D:2      | Gained mutation: Your natural rate of healing is unusually
                  | fast. [Vine Stalker growth]
  1202 | D:2      | Reached XP level 4. HP: 22/23 MP: 4/6
  1285 | D:2      | Reached skill level 1 in Armour
  1326 | D:2      | Reached skill level 1 in Spellcasting
  1493 | D:2      | Reached XP level 5. HP: 25/26 MP: 7/7
  1618 | D:2      | Reached skill level 6 in Stealth
  1659 | D:3      | Noticed Jessica
  1668 | D:3      | Killed Jessica
  1783 | D:5      | Entered Level 5 of the Dungeon
  1999 | D:5      | Reached XP level 6. HP: 30/30 MP: 9/9
  2150 | D:5      | Noticed an ice beast
  2179 | D:6      | Slain by an iguana

Levels and vault maps discovered:
D:1:      dpeg_arrival_tiny_i, layout_loops_ring, nemelex_diamond_rough_becter
D:2:      layout_loops_cross
D:3:      layout_basic, dancing_weapons_uskayaw, minitemple,
          gammafunk_ghost_necromancy, uniq_jessica
D:4:      layout_loops_ring, fedhas_altar_3, minmay_temple_entry_mini_moons,
          first_ration, uniq_blork_the_orc, uniq_robin, uniq_crazy_yiuf_cottage
D:5:      layout_loops_ring, nrook_mini_vaults, eino_tiny_chamber, minivault_1,
          xom_confusion_cloud
D:6:      layout_basic, basic_altar, serial_shops, shop, trog_ov_bears_minmay

Skill      XL: |  1  2  3  4  5 |
---------------+----------------+-----
Stealth        | 5 6 |  6.1
Short Blades   | 2 3 |  3.1
Dodging        | 1 |  1.4
Throwing       | 2 |  2.2
Fighting       | 2 |  2.2
Armour         | 1 |  1.7
Spellcasting   | 1 |  1.5

Action                   |  1- 3 |  4- 6 || total
-------------------------+-------+-------++-------
Melee: Dagger            |    98 |   123 ||   221
       Bite              |    23 |    32 ||    55
       Whip              |       |     7 ||     7
  Use: Scroll            |     2 |     7 ||     9
 Stab: Sleeping          |     7 |     4 ||    11
  Eat: Chunk             |     1 |     3 ||     4
Armor: Scale mail        |    39 |    50 ||    89
Dodge: Dodged            |    34 |    55 ||    89
